 Dungeon Crawl Stone Soup version 0.26-a0-846-gcc8f1ee719 (webtiles) character file.

Game seed: 1298687002886460270

112 Cheivey the Skirmisher (level 4, 0/40 HPs)
             Began as a Ghoul Fighter on Nov 19, 2020.
             Splashed by Ijyb's acid (15 damage)
             ... on level 3 of the Dungeon.
             The game lasted 00:03:11 (2326 turns).

Cheivey the Skirmisher (Ghoul Fighter)              Turns: 2326, Time: 00:03:12

Health: 0/40       AC:  3    Str: 20    XL:     4   Next: 95%
Magic:  3/3        EV:  7    Int:  3    God:
Gold:   151        SH:  9    Dex:  8    Spells: 3/3 levels left

rFire    . . .     SeeInvis .   a - +0 war axe
rCold    + . .     Faith    .   c - +0 kite shield
rNeg     + + +     Spirit   .   b - +0 scale mail
rPois    ∞         Reflect  .   n - +2 helmet
rElec    .         Harm     .   (no cloak)
rCorr    .         Rampage  .   p - +0 pair of gloves
MR       .....                  (no boots)
Stlth    +.........             o - amulet of inaccuracy (curse)
HPRegen  0.00/turn              k - ring of stealth
MPRegen  0.08/turn              (no ring)

@: corroded
A: rotting body, claws 1, cold resistance 1, negative energy resistance 3,
inhibited regeneration, torment resistance, unbreathing
a: no special abilities


You were on level 3 of the Dungeon.
You visited 1 branch of the dungeon, and saw 3 of its levels.

You collected 151 gold pieces.

Inventory:

Hand Weapons
 a - a +0 war axe (weapon)
Armour
 b - a +0 scale mail (worn)
 c - a +0 kite shield (worn)
 i - a +1 helmet
 n - a +2 helmet (worn)
 p - a +0 pair of gloves (worn)
Jewellery
 k - a ring of stealth (left hand)
 o - a cursed amulet of inaccuracy (around neck)
 q - an uncursed ring of magical power {unknown}
Scrolls
 f - 3 scrolls of teleportation
 l - a scroll of identify
Potions
 d - a potion of might
 g - 2 potions of mutation
 h - 2 potions of degeneration
 m - a potion of ambrosia
 r - 2 potions of flight {unknown}


   Skills:
 + Level 4.1 Fighting
 + Level 2.6 Axes
 + Level 3.4 Armour
 + Level 3.3 Shields


You had 3 spell levels left.
You didn't know any spells.
Your spell library was empty.

Dungeon Overview and Level Annotations

Branches:
Dungeon (3/15)

Altars:
Ru

Annotations:
D:3 Ijyb


Innate Abilities, Weirdness & Mutations

Your body is rotting away.
You thrive by killing the living.
You are immune to poison.
You have sharp fingernails.
Your flesh is cold resistant. (rC+)
You are immune to negative energy. (rN+++)
You do not regenerate when monsters are visible.
You are immune to unholy pain and torment.
You can survive without breathing.


Message History

* * * LOW HITPOINT WARNING * * *
The gnoll barely misses you. The gnoll hits you but does no damage.
Ijyb hits you but does no damage. The gnoll hits you.
* * * LOW HITPOINT WARNING * * *
A frilled lizard comes into view.
You block the gnoll's attack.
You feel much better. Ijyb hits you but does no damage.
The gnoll hits you but does no damage. You block the gnoll's attack.
You feel much better. You block Ijyb's attack. You block the gnoll's attack.
The gnoll hits you but does no damage.
Ijyb zaps a wand.
The bolt of acid hits you! The acid corrodes you!
You are splashed with acid!
You block the gnoll's attack.
You feel much better. Ijyb screams, "Me stronger than you!"
The gnoll hits you with a +0 whip. You block the gnoll's attack.
As you read the scroll of fog, it crumbles to dust.
The scroll dissolves into smoke.
Ijyb zaps a wand.
The bolt of acid hits you!!
Ouch! That really hurt!
The acid corrodes you!
You are splashed with acid!
You die...

####<###.###...###.....#
..##.....# #...# #..##.#
#.##..##.###...###.## ..#
. #...........# ....
..##...###### #
#.##..#####..#########.##
..# ........###§........#
### .####......§§§....#..
#.......§@§.....#
#....#.#.#§#g#.#..#. .
...........g.g....... #.
####.#.#.#.#.#.#.#... .
#........g...... #
.#.#.#.#l#.#.#.#..
........$.... ... #.#.#.#
#.#.# #. !... ....


You could see Ijyb and 2 gnolls.

Vanquished Creatures
  An iguana (D:2)
  4 adders
  2 worms (D:2)
  A dart slug (D:3)
  A leopard gecko (D:2)
  A giant cockroach (D:1)
  6 goblins
  6 hobgoblins
  5 jackals (D:2)
  4 kobolds
  A quokka (D:3)
  3 frilled lizards (D:2)
  9 rats
44 creatures vanquished.

Vanquished Creatures (others)
  2 fungi (D:1)
2 creatures vanquished.

Grand Total: 46 creatures vanquished

Notes
Turn   | Place    | Note
-------+----------+-------------------------------------------
     0 | D:1      | Cheivey the Ghoul Fighter began the quest for the Orb.
     0 | D:1      | Reached XP level 1. HP: 19/19 MP: 0/0
   591 | D:1      | Reached XP level 2. HP: 26/26 MP: 1/1
   902 | D:2      | Reached XP level 3. HP: 22/31 MP: 2/2
  1185 | D:2      | Reached XP level 4. HP: 29/40 MP: 3/3
  1364 | D:2      | Reached skill level 4 in Fighting
  2121 | D:3      | Found a sacrificial altar of Ru.
  2316 | D:3      | Noticed Ijyb
  2326 | D:3      | Splashed by Ijyb's acid

Illustrated notes

Levels and vault maps discovered:
D:1:      dpeg_cavernosity, layout_loops_ring, nrook_loot_triangle
D:2:      layout_basic
D:3:      layout_loops_cross, minivault_25, minmay_misc_feat_five,
          minmay_misc_feat_cross, hex_large, nicolae_ru_path_of_blood,
          uniq_robin, uniq_ijyb

Skill      XL: |  1  2  3  4 |
---------------+-------------+-----
Axes           | 2 |  2.6
Armour         | 3 |  3.4
Shields        | 3 |  3.3
Fighting       | 4 |  4.1

Action                   |  1- 3 |  4- 6 || total
-------------------------+-------+-------++-------
Melee: War axe           |    56 |   151 ||   207
  Use: Scroll            |       |     9 ||     9
       Potion            |       |     3 ||     3
Armor: Scale mail        |    15 |    86 ||   101
Dodge: Dodged            |    16 |    59 ||    75
Block: Kite shield       |    18 |   110 ||   128

Table legend: (Time is in decaauts)
 A = Elapsed time spent in this place.
 B = Non-inter-level travel time spent in this place.
 C = Inter-level travel time spent in this place.
 D = Time resting spent in this place.
 E = Time spent auto-exploring this place.
 F = Levels seen in this place.
 G = Mean time per level.
                   A        B        C        D        E       F      G
               +--------+--------+--------+--------+--------+-----+--------+
         Total |   2422 |   2324 |     98 |      0 |   1818 |   3 |  807.3 |
       Dungeon |   2422 |   2324 |     98 |      0 |   1818 |   3 |  807.3 |
               +--------+--------+--------+--------+--------+-----+--------+

Top non-repeatable levels by time:
     D:2: 1317 daAuts
     D:1: 865 daAuts
     D:3: 240 daAuts
